cohdb
Replays
Latest Replays
All Replays
Popular Replays
Top Player Replays
Match Explorer
How It Works
Community
CoH3 Stats
Reddit
Sign in to upload your games and track your stats! →
Sign in with Steam
Match 45633758
Unlisted
Match 45633758
Overview
Messages
Build Orders
End
Construct Infanterie Kompanie
Selects Breakthrough Battlegroup
Selects Assault Grenadiers
Grenadier Squad
MG 42 Machine Gun Team
Grenadier Squad
Grenadier Squad
Construct Panzergrenadier Kompanie
251 Medium Carrier
Pak 40 Anti-tank Gun Team
Support Elements
Panzergrenadier Squad
StuG III G Assault Gun
Medical Station
StuG III G Assault Gun
Panzergrenadier Officer Quarters
Selects Breakthrough
Selects Incendiary Bombing Run
Medical Bunker
Incendiary Bombing Run
Lyanae
保持心态
BOSSTTRUPPEN
Jape_MF
[EC] Ouch
[EC] Slip~Slide
[EC] Comrade Sniper
Dark Lord Cthulhu
0
0
Comments
sign in to comment!
No comments posted yet!